 Dungeon Crawl Stone Soup version 0.28-a0-1213-g0243856f03 (webtiles) character file.

Game seed: 3442039332366217938

407 mcbry74 the Cleaver (level 6, 0/50 HPs)
             Began as a Hill Orc Gladiator on Dec 21, 2021.
             Slain by Duvessa (7 damage)
             ... on level 4 of the Dungeon.
             The game lasted 00:08:25 (2381 turns).

mcbry74 the Cleaver (Hill Orc Gladiator)            Turns: 2381, Time: 00:08:25

Health: 0/50       AC:  4    Str: 19    XL:     6   Next: 88%
Magic:  6/6        EV: 12    Int:  8    God:
Gold:   89         SH:  0    Dex: 12    Spells: 5/5 levels left

rFire   . . .      SeeInvis .   a - +1 hand axe (venom)
rCold   . . .      Faith    .   (no shield)
rNeg    . . .      Spirit   .   k - +0 leather armour
rPois   .          Reflect  .   c - +0 helmet
rElec   .          Harm     .   (no cloak)
rCorr   .          Rampage  .   (no gloves)
Will    .....                   (no boots)
Stlth   +.........              (no amulet)
HPRegen 0.16/turn               (no ring)
MPRegen 0.10/turn               (no ring)

@: invisible (expiring)
A: no striking features
a: no special abilities


You were on level 4 of the Dungeon.
You visited 1 branch of the dungeon, and saw 4 of its levels.
You also visited: Sewer.

You collected 89 gold pieces.

Inventory:

Hand Weapons
 a - a +1 hand axe of venom (weapon)
 b - a +0 hunting sling
 u - a +0 war axe
 v - a +0 trident of flaming
Missiles
 d - 2 throwing nets (quivered)
 e - 147 stones
 i - 24 bolts
 r - 17 sling bullets
 A - 8 poisoned darts
Armour
 c - a +0 helmet (worn)
 k - a +0 leather armour (worn)
 s - a +0 plate armour
Scrolls
 g - 4 scrolls of fog {unknown}
 h - a scroll of fear {unknown}
 l - a scroll of magic mapping {unknown}
 o - a scroll of blinking {unknown}
 q - a scroll of teleportation {unknown}
 x - a scroll of identify
 y - 2 scrolls of vulnerability {unknown}
Potions
 f - a potion of flight {unknown}
 j - 2 potions of brilliance {unknown}
 m - 2 potions of cancellation
 n - a potion of haste {unknown}
 p - a potion of invisibility
 t - a potion of heal wounds {unknown}
 w - a potion of might {unknown}
 z - a potion of curing {unknown}


   Skills:
 - Level 2.4 Fighting
 + Level 9.8 Axes
 - Level 1.7 Throwing
 - Level 2.4 Dodging


You had 5 spell levels left.
You didn't know any spells.
Your spell library was empty.

Dungeon Overview and Level Annotations

Branches:
Dungeon (4/15)              Sewer (visited)
 Temple: D:4-7

Altars:
Fedhas

Annotations:
D:4 Duvessa


Message History

Duvessa is lightly wounded.
You strike the helpless Dowan from behind!
You slash Dowan!
Dowan is poisoned.
Dowan is moderately wounded.
You hit Duvessa. Duvessa hits you with a +0 short sword.
* * * LOW HITPOINT WARNING * * *
You barely miss Dowan.
Dowan is moderately wounded.
You hit Duvessa.
Duvessa looks as sick as possible!
The howler monkey howls!
Dowan hits you with a +0 dagger.
* * * LOW HITPOINT WARNING * * *
You hit Dowan.
Dowan looks as sick as possible!
Dowan is severely wounded.
Dowan points at you and mumbles some strange words.
You feel strangely conspicuous.
You hit Dowan.
Dowan looks as sick as possible!
Dowan is almost dead.
You hit Duvessa but do no damage.
Duvessa looks as sick as possible!
Dowan hits you with a +0 dagger.
* * * LOW HITPOINT WARNING * * *
Duvessa barely misses you.
You barely miss Duvessa.
Duvessa is heavily wounded.
You hit Dowan.
Dowan looks as sick as possible!
You kill Dowan!
Duvessa weeps, then rights herself and shakes her weapon.
Duvessa goes berserk!
You hit Duvessa.
Duvessa looks as sick as possible!
Duvessa is severely wounded.
Duvessa hits you with a +0 short sword.
* * * LOW HITPOINT WARNING * * *
Duvessa completely misses you.
Duvessa rages.
You are no longer glowing.
Duvessa rages.
Duvessa closely misses you.
You flicker for a moment.
Duvessa hits you with a +0 short sword!
You die...

....... .....e.
############ .....h.
#......>...# .(....e
#..........# ....[..
#...e@.....# .......
#.h........#
.(.....##..........##
.......')...........##
...?...##............#
....... #......)...#.#
....... #..........#.#
####### #....).....# .
#..........# ..


You could see Duvessa (berserk, extremely poisoned) and a howler monkey.

Vanquished Creatures
  Pargi (Sewer)
  Blork the orc (D:4)
  Dowan (D:4)
  The ghost of ma3 the Vexing, a weakling DEAM (D:3)
  A hound (D:3)
  An iguana (D:4)
  An orc wizard (D:3)
  A river rat (D:3)
  2 adders (D:3)
  A worm (D:3)
  5 orcs (D:3)
  2 giant cockroaches
  9 goblins
  6 hobgoblins
  2 jackals (D:2)
  2 quokkas
  A ball python (Sewer)
  2 bats
  5 frilled lizards
  2 kobolds
  4 rats (D:3)
51 creatures vanquished.

Vanquished Creatures (others)
  11 fungi (D:3)
  3 plants (D:3)
14 creatures vanquished.

Grand Total: 65 creatures vanquished

Notes
Turn   | Place    | Note
-------+----------+-------------------------------------------
     0 | D:1      | mcbry74 the Hill Orc Gladiator began the quest for the Orb.
     0 | D:1      | Reached XP level 1. HP: 18/18 MP: 1/1
   165 | D:2      | Reached XP level 2. HP: 19/25 MP: 2/2
   324 | D:2      | Reached skill level 5 in Axes
   482 | D:3      | Reached XP level 3. HP: 12/30 MP: 3/3
   484 | D:3      | Reached skill level 6 in Axes
   693 | D:3      | Found a glowing drain.
   697 | Sewer    | Entered a sewer
   766 | Sewer    | Noticed Pargi
   772 | Sewer    | Reached XP level 4. HP: 33/37 MP: 4/4
   781 | Sewer    | Killed Pargi
   782 | Sewer    | Reached skill level 7 in Axes
   782 | Sewer    | Reached XP level 5. HP: 24/42 MP: 5/5
  1107 | D:3      | Reached skill level 8 in Axes
  1428 | D:3      | Found a blossoming altar of Fedhas.
  1682 | D:3      | Reached XP level 6. HP: 38/50 MP: 6/6
  1798 | D:3      | Found a runed translucent door.
  1798 | D:3      | Noticed ma3's ghost (weakling DEAM)
  1809 | D:3      | Killed ma3's ghost
  2101 | D:4      | Reached skill level 9 in Axes
  2308 | D:4      | Noticed Blork the orc
  2318 | D:4      | Killed Blork the orc
  2361 | D:4      | Noticed Duvessa
  2361 | D:4      | Noticed Dowan
  2376 | D:4      | Killed Dowan
  2381 | D:4      | Slain by Duvessa

Illustrated notes

Levels and vault maps discovered:
D:1:      psy_arrival_basics, layout_basic, nicolae_ecumenical_lake_church
D:2:      layout_loops_ring
D:3:      layout_basic, fedhas_altar_3, gammafunk_ghost_grave,
          gup_sewer_entry_bowl, guppyfry_early_orc_mine
D:4:      layout_basic, wad_floor_pattern_1, uniq_sigmund, uniq_natasha,
          uniq_duvessa, uniq_blork_the_orc

Skill      XL: |  1  2  3  4  5  6 |
---------------+-------------------+-----
Axes           | 5 6 7 8 9 |  9.8
Fighting       | |  2.4
Throwing       | |  1.7
Dodging        | |  2.4

Action                   |  1- 3 |  4- 6 || total
-------------------------+-------+-------++-------
Melee: War axe           |    49 |    41 ||    90
       Hand axe          |       |    43 ||    43
 Fire: Hunting sling     |       |    24 ||    24
Throw: Throwing net      |       |     3 ||     3
  Use: Scroll            |       |     2 ||     2
       Potion            |       |     1 ||     1
 Stab: Invisible         |       |     1 ||     1
Armor: Leather armour    |    22 |    13 ||    35
Dodge: Dodged            |    38 |    34 ||    72

Table legend: (Time is in decaauts)
 A = Elapsed time spent in this place.
 B = Non-inter-level travel time spent in this place.
 C = Inter-level travel time spent in this place.
 D = Time resting spent in this place.
 E = Time spent auto-exploring this place.
 F = Levels seen in this place.
 G = Mean time per level.
                   A        B        C        D        E       F      G
               +--------+--------+--------+--------+--------+-----+--------+
         Total |   2437 |   2400 |     37 |    599 |   1170 |   5 |  487.4 |
       Dungeon |   2093 |   2056 |     37 |    475 |   1041 |   4 |  523.2 |
         Sewer |    343 |    343 |      0 |    124 |    129 |   1 |  343.0 |
               +--------+--------+--------+--------+--------+-----+--------+

Top non-repeatable levels by time:
     D:3: 1350 daAuts
   Sewer: 343 daAuts
     D:2: 301 daAuts
     D:4: 291 daAuts
     D:1: 150 daAuts
